 Dungeon Crawl Stone Soup version 0.26.1-2-gb8aa6d0cf2 (webtiles) character file.

Game seed: 840894112438402626

364 skwiii the Stinger (level 6, -7/41 HPs)
             Began as a Demonspawn Venom Mage on Feb 21, 2021.
             Mangled by Menkaure (9 damage)
             ... on level 4 of the Dungeon.
             The game lasted 00:15:33 (7559 turns).

skwiii the Stinger (Demonspawn Venom Mage)          Turns: 7559, Time: 00:15:34

Health: -7/41      AC:  4    Str:  8    XL:     6   Next: 39%
Magic:  10/11      EV: 12    Int: 19    God:
Gold:   150        SH:  0    Dex: 13    Spells: 3/12 levels left

rFire    . . .     SeeInvis .   m - +0 dagger (drain)
rCold    . . .     Faith    .   (no shield)
rNeg     . . .     Spirit   .   a - +0 robe
rPois    .         Reflect  .   (helmet restricted)
rElec    .         Harm     .   (no cloak)
rCorr    .         Rampage  .   (no gloves)
Will     .....                  (no boots)
Stlth    ++........             (no amulet)
HPRegen  0.13/turn              (no ring)
MPRegen  0.12/turn              (no ring)

@: no status effects
A: antennae 1, slimy green scales 1, powered by death 1
a: no special abilities


You were on level 4 of the Dungeon.
You visited 1 branch of the dungeon, and saw 4 of its levels.

You collected 150 gold pieces.

Inventory:

Hand Weapons
 e - a +0 short sword
 m - a +0 dagger of draining (weapon)
 s - a +0 morningstar
 v - a +0 scythe
Armour
 a - a +0 robe (worn)
 h - a +2 ring mail of willpower
 p - a +0 robe
 u - a +0 pair of boots
 w - a +0 robe
Jewellery
 d - a +4 ring of slaying {unknown}
 j - an uncursed amulet of magic regeneration {unknown}
 o - an uncursed ring of stealth {unknown}
 r - an uncursed amulet of faith {unknown}
Scrolls
 b - 2 scrolls of teleportation {unknown}
 f - a scroll of enchant armour {unknown}
 g - a scroll of blinking
 k - a scroll of random uselessness {unknown}
 n - 2 scrolls of enchant weapon {unknown}
 q - a scroll of immolation {unknown}
 t - a scroll of magic mapping {unknown}
 x - 2 scrolls of identify {unknown}
Potions
 c - a potion of heal wounds
 i - a potion of flight
 l - a potion of curing {unknown}


   Skills:
 * Level 0.0 Fighting
 - Level 1.7 Dodging
 - Level 1.7 Stealth
 + Level 3.5 Spellcasting
 - Level 2.0 Transmutations
 + Level 1.9 Fire Magic
 + Level 2.3 Air Magic
 + Level 4.6 Poison Magic


You had 3 spell levels left.
You knew the following spells:

 Your Spells              Type           Power        Failure   Level
a - Sting                 Tmut/Pois      64%          3%          1
b - Poisonous Vapours     Pois/Air       32%          5%          2
c - Ignite Poison         Fire/Tmut/Pois 14%          13%         3
d - Mephitic Cloud        Conj/Pois/Air  12%          17%         3

Your spell library contained the following spells:

 Spells                   Type           Power        Failure   Level
 Olgreb's Toxic Radiance  Pois           21%          22%         4


Dungeon Overview and Level Annotations

Branches:
Dungeon (4/15)
 Temple: D:4-7

Altars:
Ru

Annotations:
D:4 Menkaure


Innate Abilities, Weirdness & Mutations

You have a pair of small antennae on your head.
You are partially covered in slimy green scales. (AC +2)
You regenerate a little health from kills.


Message History

Aiming: Sting (safe; 3% risk of failure)
Press: ? - help, Q - select action, (/) - cycle Shift-Dir - straight line, f - Menkaure
Aim: Menkaure (lightly damaged, fast, 12% to evade)
The sting hits Menkaure but does no damage.
Menkaure is lightly damaged.
Menkaure casts a spell at you. Pain shoots through your body!
Menkaure barely misses you.
You hit Menkaure but do no damage.
Menkaure is lightly damaged.
Menkaure barely misses you.
You hit Menkaure but do no damage.
Menkaure is lightly damaged.
Menkaure hits you!
You hit Menkaure.
Menkaure is moderately damaged.
Menkaure hits you!!
* * * LOW HITPOINT WARNING * * *
There is an open door here.
Menkaure hits you!
You die...

..##'#.#..##.#.#.......#.#.#####.
.....#.......#.#######.#.........
########.................#.######
#<......####.###########.#
########..####.#...........#
#...[..........#.###########
#.######..######.# #.........#
#.# ## ######.#..### #@# ..
.......#....####M##'##
#########'#.##.......#
#....##.....$.# #....##.......#
#....##.......# #....##.......#
#....####+##+## ##'#.#


You could see Menkaure (fast).

Vanquished Creatures
  Sigmund (D:4)
  A scorpion (D:3)
  6 adders
  An ooze (D:3)
  An adder skeleton (D:4)
  3 worms
  4 dart slugs
  4 leopard geckos
  4 orcs (D:3)
  2 ball pythons
  9 bats
  4 giant cockroaches
  9 goblins
  8 hobgoblins
  4 jackals (D:1)
  6 kobolds
  2 quokkas (D:2)
  7 frilled lizards
  3 rats
79 creatures vanquished.

Notes
Turn   | Place    | Note
-------+----------+-------------------------------------------
     0 | D:1      | skwiii the Demonspawn Venom Mage began the quest for the
                  | Orb.
     0 | D:1      | Reached XP level 1. HP: 13/13 MP: 3/3
   169 | D:1      | Reached skill level 1 in Transmutations
   602 | D:1      | Gained mutation: You regenerate a little health from kills.
                  | [demonic ancestry]
   602 | D:1      | Reached XP level 2. HP: 19/19 MP: 3/5
   771 | D:2      | Learned a level 2 spell: Poisonous Vapours
  1518 | D:1      | Gained mutation: You are partially covered in slimy green
                  | scales. (AC +2) [demonic ancestry]
  1518 | D:1      | Reached XP level 3. HP: 19/24 MP: 3/6
  1571 | D:1      | Learned a level 3 spell: Ignite Poison
  3139 | D:2      | Reached skill level 1 in Air Magic
  3452 | D:2      | Reached XP level 4. HP: 30/30 MP: 5/8
  4603 | D:3      | Reached skill level 4 in Poison Magic
  4711 | D:3      | Reached XP level 5. HP: 35/35 MP: 4/9
  4758 | D:3      | Learned a level 3 spell: Mephitic Cloud
  5235 | D:3      | Reached skill level 1 in Fire Magic
  5412 | D:3      | Found a sacrificial altar of Ru.
  6749 | D:4      | Noticed Sigmund
  6768 | D:4      | Killed Sigmund
  6769 | D:4      | Gained mutation: You have a pair of small antennae on your
                  | head. [demonic ancestry]
  6769 | D:4      | Reached XP level 6. HP: 34/41 MP: 1/11
  6879 | D:4      | Noticed Menkaure
  7557 | D:4      | HP: 2/41 [Menkaure (19)]
  7559 | D:4      | Mangled by Menkaure

Illustrated notes

Levels and vault maps discovered:
D:1:      minmay_arrival_four_houses, layout_loops_ring,
          minmay_misc_feat_pillars, chequers_serial_rivers_room_a,
          chequers_mini_garden, minmay_pentomino_w4
D:2:      layout_basic, kennysheep_generic_room_8
D:3:      layout_basic, nicolae_ru_awakened_eye
D:4:      layout_basic, okawaru_metal_pillars_3, uniq_menkaure, uniq_sigmund

Skill      XL: |  1  2  3  4  5 |
---------------+----------------+-----
Transmutations | 1 2 |  2.0
Air Magic      | 1 2 |  2.3
Poison Magic   | 4 |  4.6
Spellcasting   | 3 |  3.5
Fire Magic     | 1 |  1.9
Dodging        | |  1.7
Stealth        | |  1.7

Action                   |  1- 3 |  4- 6 || total
-------------------------+-------+-------++-------
Melee: Dagger            |       |    21 ||    21
 Cast: Sting             |    55 |    27 ||    82
       Poisonous Vapours |    16 |    50 ||    66
       Ignite Poison     |       |     1 ||     1
  Use: Potion            |       |     2 ||     2
       Scroll            |       |     1 ||     1
Armor: Robe              |    21 |    12 ||    33
Dodge: Dodged            |    51 |    36 ||    87
